 Dungeon Crawl Stone Soup version 0.23-a0-650-ga4d50d4 (webtiles) character file.

443 Borgoz the Skirmisher (level 7, -6/61 HPs)
             Began as a Hill Orc Fighter on Jan 5, 2019.
             Mangled by Sigmund
             ... wielding a +3 scythe
              (18 damage)
             ... on level 4 of the Dungeon.
             The game lasted 00:05:07 (3992 turns).

Borgoz the Skirmisher (Hill Orc Fighter)            Turns: 3992, Time: 00:05:08

Health: -6/61      AC:  7    Str: 19    XL:     7   Next: 2%
Magic:  7/7        EV:  7    Int:  8    God:
Gold:   93         SH: 10    Dex: 12    Spells: 6/6 levels left

rFire    . . .     SeeInvis .   a - +1 war axe
rCold    . . .     Gourm    .   c - +0 shield
rNeg     . . .     Faith    .   b - +0 scale mail
rPois    .         Spirit   .   (no helmet)
rElec    .         Reflect  .   (no cloak)
rCorr    .         Harm     .   (no gloves)
MR       .....                  (no boots)
Stlth    ..........             (no amulet)
HPRegen  0.20/turn              h - ring of attention (curse)
MPRegen  0.10/turn              (no ring)

@: no status effects
A: no striking features
a: no special abilities


You were on level 4 of the Dungeon.
You were not hungry.

You visited 1 branch of the dungeon, and saw 4 of its levels.

You collected 93 gold pieces.

Inventory:

Hand Weapons
 a - a +1 war axe (weapon)
Armour
 b - a +0 scale mail (worn)
 c - a +0 shield (worn)
Jewellery
 h - a cursed ring of attention (left hand)
Wands
 j - a wand of paralysis (10)
Scrolls
 g - a scroll of enchant weapon
 l - a scroll of identify
 o - a scroll of teleportation
Potions
 d - 2 potions of might
 e - a potion of agility
 k - 2 potions of curing
Comestibles
 f - 6 rations
 i - a chunk of flesh


   Skills:
 + Level 5.5 Fighting
 + Level 5.2 Axes
 + Level 5.0 Armour
 + Level 5.0 Shields


You had 6 spell levels left.
You didn't know any spells.
Your spell library was empty.

Dungeon Overview and Level Annotations

Branches:
Dungeon (4/15)             Temple (0/1) D:4

Altars:

Annotations:
D:4 Sigmund


Message History

Deactivating autopickup; reactivate with Ctrl-A.
Something completely misses you.
No target in view!
No target in view!
No target in view!
You closely miss something. You hit something but do no damage.
Something hits you!
You closely miss something. You block something's attack.
You miss something.
You hear some strange, mumbled words.
A puff of flame appears from out of thin air!
The puff of flame hits you!
You barely miss something. Something hits you!
* * * LOW HITPOINT WARNING * * *
It was a potion of cancellation.
Your magical effects are unravelling.
You feel magically purged.
You feel a little less agile now. Something hits you!!
You die...

*.# *,** *,** *#.#
*,,##**,** ######..#
*,..#**,,*
###.......#
*###...,,,,*
..........#
*#<.....,,,,*
.........#*
##.......,,,**
.....<...#
#........,,,**
........##
#.{......,,,,**
######..#
##@.......,,,,,***
#..#
##..####..#**,,,,,**
##.# ##..##
**,,,,,,,,,,, #.#
##..##
**,,,,,,,,,,,, #
#.####).##
*,,,,,,,,,>,,* ##
#..##..##
*,,*******,,** .##
#.....## **,** **,*
..## #.##### **,**
*,* #..# ###
*****,,* *,*


There were no monsters in sight!

Vanquished Creatures
  A phantom (D:4)
  A howler monkey (D:4)
  A hound (D:4)
  Ijyb (D:3)
  4 worker ants
  8 adders
  An ooze (D:3)
  2 worms (D:3)
  3 dart slugs
  6 orcs
  2 ball pythons
  3 bats
  2 giant cockroaches
  10 goblins
  9 hobgoblins
  3 jackals (D:4)
  4 kobolds
  3 quokkas
  A ball python skeleton (D:4)
  4 frilled lizards
  12 rats
81 creatures vanquished.

Notes
Turn   | Place    | Note
-------+----------+-------------------------------------------
     0 | D:1      | Borgoz the Hill Orc Fighter began the quest for the Orb.
     0 | D:1      | Reached XP level 1. HP: 19/19 MP: 1/1
    41 | D:1      | Reached XP level 2. HP: 25/27 MP: 2/2
   479 | D:1      | Reached XP level 3. HP: 31/33 MP: 3/3
  1006 | D:2      | Reached XP level 4. HP: 29/40 MP: 4/4
  1796 | D:3      | Noticed Ijyb
  1901 | D:3      | Killed Ijyb
  1901 | D:3      | Reached XP level 5. HP: 37/47 MP: 5/5
  3060 | D:4      | Reached skill level 5 in Fighting
  3060 | D:4      | Reached XP level 6. HP: 44/56 MP: 6/6
  3500 | D:4      | Noticed a phantom
  3506 | D:4      | Found a staircase to the Ecumenical Temple.
  3739 | D:4      | Killed a phantom
  3739 | D:4      | Reached skill level 5 in Axes
  3739 | D:4      | Reached skill level 5 in Armour
  3739 | D:4      | Reached skill level 5 in Shields
  3739 | D:4      | Reached XP level 7. HP: 42/61 MP: 7/7
  3977 | D:4      | Noticed Sigmund
  3992 | D:4      | Mangled by Sigmund

Vault maps used:
D:1:      beargit_arrival_greenhouse, hangedman_abyss_or_decor_lesser_grid,
          minmay_statues_item, minmay_misc_feat_plants
D:3:      uniq_ijyb
D:4:      minmay_temple_entry_statues_pillars, uniq_sigmund

Skill      XL: |  1  2  3  4  5  6 |
---------------+-------------------+-----
Axes           | 3 4 5 |  5.2
Fighting       | 4 5 |  5.5
Armour         | 4 5 |  5.0
Shields        | 4 5 |  5.0

Action                   |  1- 3 |  4- 6 |  7- 9 || total
-------------------------+-------+-------+-------++-------
Melee: War axe           |   105 |   206 |    10 ||   321
       Unarmed           |       |    25 |       ||    25
  Use: Scroll            |       |     8 |       ||     8
       Potion            |       |     1 |     2 ||     3
  Eat: Chunk             |       |     9 |     1 ||    10
Armor: Scale mail        |    41 |   106 |     1 ||   148
Dodge: Dodged            |    27 |    69 |     1 ||    97
Block: Shield            |    52 |    89 |     1 ||   142

Table legend:
 A = Non-vault XP
 B = Vault XP
 C = Vault XP percentage of total XP
 D = Non-vault monster count
 E = Vault monster count
 F = Vault count percentage of total count
                 A         B        C        D         E       F
            +---------+---------+-------+---------+---------+-------
      Total |     597 |      36 |   5.7 |      80 |       1 |   1.2
            +---------+---------+-------+---------+---------+-------
        D:1 |      37 |       0 |   0.0 |      20 |       0 |   0.0
        D:2 |      62 |       0 |   0.0 |      18 |       0 |   0.0
        D:3 |     104 |      36 |  25.7 |      21 |       1 |   4.5
        D:4 |     394 |       0 |   0.0 |      21 |       0 |   0.0
            +---------+---------+-------+---------+---------+-------
